SA
PHOENIX HOTSPUR U-21 @ YELLOWKNIFE DRAGONBLOOD
09/02/2020
 
TOP OF THE 1ST
Phoenix Hotspur U-21 batting - Pitching for Yellowknife Dragonblood : RHP Esteban Ruíz
Pitching: RHP Esteban Ruíz
Batting: RHB David Rivas 0-0: Called Strike
0-1: Ball
1-1: SINGLE (Line Drive, 56D)
Batting: RHB Javier González 0-0: Fly out, F3 (Popup, 13)
Batting: RHB Juan Aguirre 0-0: Called Strike
0-1: Foul Ball, location: 2F
0-2: Ball
1-2: Ball
2-2: Strikes out swinging
Batting: RHB Pedro Torrez 0-0: Called Strike
0-1: Ball
1-1: DOUBLE (Flyball, 78XD)
David Rivas to third
Runner from 3rd tries for Home, SAFE, no throw or cutoff
Batting: SHB Edgar Cantú 0-0: Ball
1-0: Fly out, F8 (Flyball, 78M)
Top of the 1st over - 1 run(s), 2 hit(s), 0 error(s), 1 left on base; Phoenix 1 - Yellowknife 0
BOTTOM OF THE 1ST
Yellowknife Dragonblood batting - Pitching for Phoenix Hotspur U-21 : RHP Jim Unknown
Pitching: RHP Jim Unknown
Batting: LHB Ángel Aguilar 0-0: Swinging Strike
0-1: Called Strike
0-2: Ball
1-2: Strikes out looking
Batting: SHB Felipe Cisneros 0-0: Ball
1-0: Called Strike
1-1: Called Strike
1-2: Ball
2-2: Foul Ball, location: 2F
2-2: Strikes out swinging
Batting: LHB Carlos Álvarez 0-0: SINGLE (Line Drive, 6MD)
Batting: RHB Pedro Herrera 0-0: Called Strike
0-1: Swinging Strike
0-2: Ball
1-2: Strikes out swinging
Bottom of the 1st over - 0 run(s), 1 hit(s), 0 error(s), 1 left on base; Phoenix 1 - Yellowknife 0
TOP OF THE 2ND
Phoenix Hotspur U-21 batting - Pitching for Yellowknife Dragonblood : RHP Esteban Ruíz
Batting: LHB Arthur Ryan 0-0: Ball
1-0: Called Strike
1-1: Ball
2-1: Ball
3-1: Foul Ball, location: 2F
3-2: Base on Balls
Batting: RHB Marc Meertens 0-0: Called Strike
0-1: Ball
1-1: Ball
2-1: Fly out, F7 (Flyball, 7M)
Batting: RHB José Sánchez 0-0: Ball
Arthur Ryan steals 2nd base
1-0: Called Strike
1-1: Swinging Strike
1-2: Ball
2-2: Strikes out swinging
Batting: LHB Cristo Aponte 0-0: Ball
1-0: Swinging Strike
1-1: Ball
2-1: Ball
3-1: Base on Balls
Batting: RHB David Rivas 0-0: DOUBLE (Flyball, 8LS)
Arthur Ryan scores
Cristo Aponte to third
Runner from 3rd tries for Home, SAFE, no throw or cutoff
Batting: RHB Javier González 0-0: DOUBLE (Flyball, 9M)
David Rivas scores
Pinch Runner at 2nd Francis Kelly:
Batting: RHB Juan Aguirre 0-0: Called Strike
0-1: Ball
1-1: Foul Ball, location: 2F
1-2: DOUBLE (Line Drive, 7LS)
Francis Kelly scores
Batting: RHB Pedro Torrez 0-0: Ball
1-0: Ball
2-0: Ball
3-0: Base on Balls
Batting: SHB Edgar Cantú 0-0: Ground out 3-1 (Groundball, 3L)
Top of the 2nd over - 4 run(s), 3 hit(s), 0 error(s), 2 left on base; Phoenix 5 - Yellowknife 0
BOTTOM OF THE 2ND
Yellowknife Dragonblood batting - Pitching for Phoenix Hotspur U-21 : RHP Jim Unknown
Now in LF: Francis Kelly
Batting: RHB Ángel Arroyo 0-0: Ball
1-0: Ball
2-0: Ball
3-0: Called Strike
3-1: SINGLE (Groundball, 56)
Batting: RHB Jesús Hernández 0-0: Ball
1-0: Ball
2-0: Called Strike
2-1: Ball
3-1: Foul Ball, location: 2F
3-2: Strikes out swinging
Batting: SHB Juan Brito 0-0: Ball
1-0: Called Strike
1-1: Foul Ball, location: 2F
1-2: Foul Ball, location: 2F
1-2: Ball
2-2: Foul Ball, location: 2F
2-2: Foul Ball, location: 2F
2-2: Foul Ball, location: 2F
2-2: SINGLE (Flyball, 7S)
Ángel Arroyo to second
Batting: LHB Carl Duncan 0-0: Called Strike
0-1: Ball
1-1: Ball
Reached via error on a dropped throw, E1
Ángel Arroyo to third
Juan Brito to second
Batting: RHB Manny Rodríguez 0-0: Fly out, F8 (Flyball, 8LM)
Runner from 3rd tags up, SCORES, no throw
Batting: LHB Ángel Aguilar 0-0: Swinging Strike
0-1: SINGLE (Groundball, 34D)
Juan Brito to third
Carl Duncan to second
Runner from 3rd tries for Home, SAFE, no throw or cutoff
Batting: SHB Felipe Cisneros 0-0: Ball
1-0: Foul Ball, location: 2F
1-1: SINGLE (Line Drive, 4MD)
Carl Duncan to third
Ángel Aguilar to second
Runner from 3rd tries for Home, SAFE, throw made home
Batting: LHB Carlos Álvarez 0-0: Called Strike
0-1: Ball
1-1: Ball
2-1: Called Strike
2-2: Strikes out swinging
Bottom of the 2nd over - 3 run(s), 4 hit(s), 1 error(s), 2 left on base; Phoenix 5 - Yellowknife 3
TOP OF THE 3RD
Phoenix Hotspur U-21 batting - Pitching for Yellowknife Dragonblood : RHP Esteban Ruíz
Batting: LHB Arthur Ryan 0-0: Ball
1-0: Called Strike
1-1: Ball
2-1: Swinging Strike
2-2: Ball
3-2: Strikes out swinging
Batting: RHB Marc Meertens 0-0: Swinging Strike
0-1: Ball
1-1: DOUBLE (Groundball, 5D)
Batting: RHB José Sánchez 0-0: Ball
1-0: Fly out, F2 (Popup, 2RF)
Batting: LHB Cristo Aponte 0-0: Foul Ball, location: 2F
0-1: Foul Ball, location: 2F
0-2: Ball
1-2: Ball
2-2: Strikes out looking
Top of the 3rd over - 0 run(s), 1 hit(s), 0 error(s), 1 left on base; Phoenix 5 - Yellowknife 3
BOTTOM OF THE 3RD
Yellowknife Dragonblood batting - Pitching for Phoenix Hotspur U-21 : RHP Jim Unknown
Batting: RHB Pedro Herrera 0-0: Foul Ball, location: 2F
0-1: Foul Ball, location: 2F
0-2: Ball
1-2: Foul Ball, location: 2F
1-2: Fly out, F8 (Flyball, 8RM)
Batting: RHB Ángel Arroyo 0-0: Ball
1-0: Ball
2-0: Called Strike
2-1: Ball
3-1: Foul Ball, location: 2F
3-2: Base on Balls
Batting: RHB Jesús Hernández 0-0: Fielders Choice at 2nd, 3-6 (Groundball, 34)
Batting: SHB Juan Brito 0-0: Foul Ball, location: 2F
0-1: Ball
1-1: SINGLE (Flyball, 78S)
Jesús Hernández to second
Batting: LHB Carl Duncan 0-0: Foul Ball, location: 2F
0-1: Swinging Strike
0-2: Strikes out looking
Bottom of the 3rd over - 0 run(s), 1 hit(s), 0 error(s), 2 left on base; Phoenix 5 - Yellowknife 3
TOP OF THE 4TH
Phoenix Hotspur U-21 batting - Pitching for Yellowknife Dragonblood : RHP Esteban Ruíz
Batting: RHB David Rivas 0-0: Ball
1-0: Called Strike
1-1: Ball
2-1: Ball
3-1: Base on Balls
Batting: RHB Francis Kelly 0-0: DOUBLE (Line Drive, 7LS)
David Rivas to third
Batting: RHB Juan Aguirre 0-0: DOUBLE (Flyball, 7D)
David Rivas scores
Francis Kelly scores
Pitching: RHP Víctor Solís
Batting: RHB Pedro Torrez 0-0: Fly out, F6 (Popup, 6M)
Batting: SHB Edgar Cantú 0-0: SINGLE (Groundball, 4MD)
Juan Aguirre to third
Batting: LHB Arthur Ryan 0-0: Ball
1-0: Ball
2-0: Called Strike
2-1: Ball
3-1: Base on Balls
Edgar Cantú to second
Batting: RHB Marc Meertens 0-0: Called Strike
Single, Error in OF, E9, batter to second base
Juan Aguirre scores
Edgar Cantú scores
Arthur Ryan to third
Batting: RHB José Sánchez 0-0: Ball
1-0: Fly out, F7 (Flyball, 78M)
Runner from 3rd tags up, SCORES, no throw
Batting: LHB Cristo Aponte 0-0: Ground out 1-3 (Groundball, 15)
Top of the 4th over - 5 run(s), 4 hit(s), 1 error(s), 1 left on base; Phoenix 10 - Yellowknife 3
BOTTOM OF THE 4TH
Yellowknife Dragonblood batting - Pitching for Phoenix Hotspur U-21 : RHP Jim Unknown
Batting: RHB Manny Rodríguez 0-0: SINGLE (Flyball, 8RS)
Batting: LHB Ángel Aguilar 0-0: Called Strike
0-1: Called Strike
Manny Rodríguez is caught stealing 2nd base
0-2: Ground out 3-6 (Groundball, 3L)
Batting: SHB Felipe Cisneros 0-0: Ball
1-0: Ball
2-0: Swinging Strike
2-1: Foul Ball, location: 2F
2-2: Foul Ball, location: 2F
2-2: Fly out, F6 (Popup, 6M)
Bottom of the 4th over - 0 run(s), 1 hit(s), 0 error(s), 0 left on base; Phoenix 10 - Yellowknife 3
TOP OF THE 5TH
Phoenix Hotspur U-21 batting - Pitching for Yellowknife Dragonblood : RHP Víctor Solís
Batting: RHB David Rivas 0-0: Ball
1-0: SINGLE (Line Drive, 8RS)
Batting: RHB Francis Kelly 0-0: Ball
David Rivas steals 2nd base
1-0: Ball
2-0: Called Strike
2-1: Ball
3-1: Fly out, F9 (Flyball, 89M)
Batting: RHB Juan Aguirre 0-0: Called Strike
0-1: Foul Ball, location: 2F
0-2: Fly out, F6 (Line Drive, 56D)
Batting: RHB Pedro Torrez 0-0: Swinging Strike
0-1: Foul Ball, location: 2F
0-2: Foul Ball, location: 2F
0-2: DOUBLE (Line Drive, 7LM)
David Rivas scores
Batting: SHB Edgar Cantú 0-0: Swinging Strike
0-1: Ground out 1-3 (Groundball, 13S)
Top of the 5th over - 1 run(s), 2 hit(s), 0 error(s), 1 left on base; Phoenix 11 - Yellowknife 3
BOTTOM OF THE 5TH
Yellowknife Dragonblood batting - Pitching for Phoenix Hotspur U-21 : RHP Jim Unknown
Batting: LHB Carlos Álvarez 0-0: SINGLE (Groundball, 34D)
Batting: RHB Pedro Herrera 0-0: Ball
1-0: Foul Ball, location: 2F
1-1: Foul Ball, location: 2F
1-2: Ball
2-2: Strikes out swinging
Batting: RHB Ángel Arroyo 0-0: Called Strike
0-1: Ball
1-1: Fly out, F9 (Flyball, 9S)
Batting: RHB Jesús Hernández 0-0: Ball
1-0: Called Strike
1-1: Called Strike
1-2: Ball
2-2: Foul Ball, location: 2F
2-2: Foul Ball, location: 2F
2-2: Ball
3-2: Base on Balls
Carlos Álvarez to second
Batting: SHB Juan Brito 0-0: Foul Ball, location: 2F
0-1: Foul Ball, location: 2F
0-2: Ball
1-2: Foul Ball, location: 2F
1-2: Strikes out swinging
Bottom of the 5th over - 0 run(s), 1 hit(s), 0 error(s), 2 left on base; Phoenix 11 - Yellowknife 3
TOP OF THE 6TH
Phoenix Hotspur U-21 batting - Pitching for Yellowknife Dragonblood : RHP Víctor Solís
Pitching: RHP Roberto Nieves
Batting: LHB Arthur Ryan 0-0: Ball
1-0: Ball
2-0: Swinging Strike
2-1: Foul Ball, location: 2F
2-2: Fly out, F6 (Popup, 6MD)
Batting: RHB Marc Meertens 0-0: Fly out, F9 (Line Drive, 89M)
Batting: RHB José Sánchez 0-0: Ball
1-0: Ball
2-0: Swinging Strike
2-1: Ground out 4-3 (Groundball, 4M)
Top of the 6th over - 0 run(s), 0 hit(s), 0 error(s), 0 left on base; Phoenix 11 - Yellowknife 3
BOTTOM OF THE 6TH
Yellowknife Dragonblood batting - Pitching for Phoenix Hotspur U-21 : RHP Jim Unknown
Batting: LHB Carl Duncan 0-0: Ball
1-0: Ball
2-0: Ground out 4-3 (Groundball, 34)
Batting: RHB Manny Rodríguez 0-0: Ball
1-0: Fly out, F7 (Flyball, 7M)
Batting: LHB Ángel Aguilar 0-0: Ball
1-0: Ball
2-0: Swinging Strike
2-1: Ground out 4-3 (Groundball, 4)
Bottom of the 6th over - 0 run(s), 0 hit(s), 0 error(s), 0 left on base; Phoenix 11 - Yellowknife 3
TOP OF THE 7TH
Phoenix Hotspur U-21 batting - Pitching for Yellowknife Dragonblood : RHP Roberto Nieves
Batting: LHB Cristo Aponte 0-0: Called Strike
0-1: Swinging Strike
0-2: Strikes out looking
Batting: RHB David Rivas 0-0: Ball
1-0: Ball
2-0: Swinging Strike
2-1: Ball
3-1: Base on Balls
Batting: RHB Francis Kelly 0-0: Ball
1-0: SINGLE (Groundball, 56D) (infield hit)
David Rivas to second
Batting: RHB Juan Aguirre 0-0: Ball
1-0: Called Strike
1-1: Called Strike
David Rivas steals 3rd base
Francis Kelly to second
1-2: Fly out, F8 (Flyball, 8LM)
Runner from 3rd tags up, SCORES, no throw
Batting: RHB Pedro Torrez 0-0: Swinging Strike
0-1: Ball
1-1: Ball
2-1: Ball
3-1: Ground out 1-3 (Groundball, 13S)
Top of the 7th over - 1 run(s), 1 hit(s), 0 error(s), 1 left on base; Phoenix 12 - Yellowknife 3
BOTTOM OF THE 7TH
Yellowknife Dragonblood batting - Pitching for Phoenix Hotspur U-21 : RHP Jim Unknown
Batting: SHB Felipe Cisneros 0-0: Called Strike
0-1: Foul Ball, location: 2F
0-2: Fly out, F9 (Flyball, 8RD)
Batting: LHB Carlos Álvarez 0-0: Ball
1-0: Ball
2-0: Called Strike
2-1: Called Strike
2-2: Foul Ball, location: 2F
2-2: Ball
3-2: DOUBLE (Groundball, 3L)
Batting: RHB Pedro Herrera 0-0: Swinging Strike
0-1: Ball
1-1: Swinging Strike
1-2: Ball
2-2: Strikes out swinging
Batting: RHB Ángel Arroyo 0-0: Ball
1-0: Swinging Strike
1-1: Ball
2-1: Swinging Strike
2-2: Foul Ball, location: 2F
2-2: Strikes out swinging
Bottom of the 7th over - 0 run(s), 1 hit(s), 0 error(s), 1 left on base; Phoenix 12 - Yellowknife 3
TOP OF THE 8TH
Phoenix Hotspur U-21 batting - Pitching for Yellowknife Dragonblood : RHP Roberto Nieves
Batting: SHB Edgar Cantú 0-0: Called Strike
0-1: Swinging Strike
0-2: Ball
1-2: Strikes out swinging
Batting: LHB Arthur Ryan 0-0: Ball
1-0: Foul Ball, location: 2F
1-1: Fly out, F9 (Flyball, 9M)
Batting: RHB Marc Meertens 0-0: SINGLE (Groundball, 56D)
Batting: RHB José Sánchez 0-0: Called Strike
Marc Meertens is caught stealing 2nd base
Top of the 8th over - 0 run(s), 1 hit(s), 0 error(s), 0 left on base; Phoenix 12 - Yellowknife 3
BOTTOM OF THE 8TH
Yellowknife Dragonblood batting - Pitching for Phoenix Hotspur U-21 : RHP Jim Unknown
Batting: RHB Jesús Hernández 0-0: Ball
1-0: Foul Ball, location: 2F
1-1: Fly out, F7 (Flyball, 7M)
Batting: SHB Juan Brito 0-0: Called Strike
0-1: Swinging Strike
0-2: Foul Ball, location: 2F
0-2: Ball
1-2: Strikes out swinging
Batting: LHB Carl Duncan 0-0: Foul Ball, location: 2F
0-1: Called Strike
0-2: Ball
1-2: Foul Ball, location: 2F
1-2: Strikes out swinging
Bottom of the 8th over - 0 run(s), 0 hit(s), 0 error(s), 0 left on base; Phoenix 12 - Yellowknife 3
TOP OF THE 9TH
Phoenix Hotspur U-21 batting - Pitching for Yellowknife Dragonblood : RHP Roberto Nieves
Batting: RHB José Sánchez 0-0: Called Strike
0-1: Fly out, F9 (Line Drive, 9M)
Pitching: RHP Ryan Bentley
Batting: LHB Cristo Aponte 0-0: Called Strike
0-1: Swinging Strike
0-2: Ball
1-2: Strikes out swinging
Batting: RHB David Rivas 0-0: Ball
1-0: Foul Ball, location: 2F
1-1: Ball
2-1: Called Strike
2-2: Ball
3-2: DOUBLE (Flyball, 9LS)
Batting: RHB Francis Kelly 0-0: Called Strike
0-1: Foul Ball, location: 2F
0-2: Foul Ball, location: 2F
0-2: Strikes out swinging
Top of the 9th over - 0 run(s), 1 hit(s), 0 error(s), 1 left on base; Phoenix 12 - Yellowknife 3
BOTTOM OF THE 9TH
Yellowknife Dragonblood batting - Pitching for Phoenix Hotspur U-21 : RHP Jim Unknown
Batting: RHB Manny Rodríguez 0-0: Ground out 6-3 (Groundball, 6)
Batting: LHB Ángel Aguilar 0-0: Foul Ball, location: 2F
0-1: Fly out, F7 (Flyball, 7M)
Batting: SHB Felipe Cisneros 0-0: Foul Ball, location: 2F
0-1: Ground out 5-3 (Groundball, 5)
Bottom of the 9th over - 0 run(s), 0 hit(s), 0 error(s), 0 left on base; Phoenix 12 - Yellowknife 3
This league is powered by Out of the Park Baseball, the baseball management simulation game for PC, Mac and Linux
Friday, October 23rd, 2015 - OOTP Baseball 16.9 Build 39